 Dungeon Crawl Stone Soup version 0.22-a0-580-gd5db89c09a (webtiles) character file.

35 Faustar the Skirmisher (level 3, -1/26 HPs)
             Began as a Halfling Abyssal Knight on July 2, 2018.
             Was a Believer of Lugonu.
             Slain by an adder (4 damage)
             ... on level 2 of the Dungeon.
             The game lasted 00:01:37 (1020 turns).

Faustar the Skirmisher (Halfling Abyssal Knight)    Turns: 1020, Time: 00:01:38

Health: -1/26      AC:  3    Str: 14    XL:     3   Next: 55%
Magic:  4/4        EV: 14    Int: 10    God:    Lugonu [**....]
Gold:   63         SH:  0    Dex: 13    Spells: 2/2 levels left

rFire    . . .     SeeInvis .   a - +1 falchion
rCold    . . .     Gourm    .   (shield restricted)
rNeg     . . .     Faith    .   b - +0 leather armour
rPois    .         Spirit   .   (no helmet)
rElec    .         Reflect  .   (no cloak)
rCorr    .         Harm     .   (no gloves)
MR       .....                  (no boots)
Stlth    +.........             (no amulet)
HPRegen  0.08/turn              (no ring)
MPRegen  0.09/turn              (no ring)

@: lethally poisoned (-1 -> -11), flying
A: small, mutation resistance 1
a: Depart the Abyss, Bend Space, Renounce Religion


You were on level 2 of the Dungeon.
You worshipped Lugonu.
Lugonu was pleased with you.
You were not hungry.

You visited 1 branch of the dungeon, and saw 2 of its levels.
You visited the Abyss 1 time.

You collected 63 gold pieces.

Inventory:

Hand Weapons
 a - a +1 falchion (weapon)
Armour
 b - a +0 leather armour (worn)
 i - a +0 buckler
Jewellery
 j - an uncursed amulet of the acrobat {unknown}
Scrolls
 d - a scroll of identify {unknown}
 g - a scroll of enchant armour {unknown}
Potions
 e - a potion of flight
 f - a potion of degeneration {unknown}
 k - a potion of agility {unknown}
Comestibles
 c - 4 rations


   Skills:
 + Level 3.2 Fighting
 + Level 2.7 Long Blades
 - Level 2.1 Armour
 + Level 1.7 Dodging
 + Level 0.4 Shields
 - Level 2.0 Invocations


You had 2 spell levels left.
You didn't know any spells.
Your spell library was empty.

Dungeon Overview and Level Annotations

Branches:
Dungeon (2/15)

Altars:


Innate Abilities, Weirdness & Mutations

You are small and have problems with some larger weapons.
You are somewhat resistant to further mutation.


Message History

The adder closely misses you. The adder bites you.
You are lethally poisoned!
The adder poisons you!
You barely miss the adder.
The adder is moderately wounded.
* * * LOW HITPOINT WARNING * * *
You feel sick. The adder bites you.
* * * LOW HITPOINT WARNING * * *
The worm completely misses you.
You riposte.
You slash the worm!
The worm is moderately wounded.
* * * LOW HITPOINT WARNING * * *
You feel sick. The adder barely misses you.
You riposte.
You barely miss the adder.
The adder is moderately wounded.
It was a potion of flight.
You feel very buoyant.
You fly up into the air.
* * * LOW HITPOINT WARNING * * *
You feel sick. The adder bites you.
You die...

#########.##########
...#........#####
#.#..#.......#.#.#
...#.#.#.......#.##.
#. #.##.#...........
#.# #.#.?........ #.#
#.#.$...(... #.#
#(#Sw......
#.######@#...#..#
#########.......#.####
..........######.#..
#########.# #...[8
#.......# ..?....
#.......# ..8...
#.......# ......
######### ..8.. ....


You could see a worm and an adder.

Vanquished Creatures
  An adder (D:1)
  A giant cockroach (D:1)
  4 goblins (D:1)
  4 hobgoblins
  2 jackals (D:1)
  A quokka (D:2)
  2 bats (D:1)
  A frilled lizard (D:1)
  4 kobolds (D:1)
  4 rats (D:1)
24 creatures vanquished.

Notes
Turn   | Place    | Note
-------+----------+-------------------------------------------
     0 | Abyss:1  | Faustar the Halfling Abyssal Knight began the quest for the Orb.
     0 | Abyss:1  | Reached XP level 1. HP: 15/15 MP: 2/2
     5 | D:1      | Escaped the Abyss
    85 | D:1      | Reached XP level 2. HP: 16/20 MP: 3/3
   105 | D:1      | Reached skill level 3 in Fighting
   487 | D:1      | Reached XP level 3. HP: 25/26 MP: 4/4
   858 | D:2      | Reached ** piety under Lugonu
  1020 | D:2      | Slain by an adder

Vault maps used:
D:1:      dpeg_arrival_chambers_temple_mockup, st_stairs_12
D:2:      wad_pebble_path, first_ration

Skill      XL: |  1  2 |
---------------+-------+-----
Fighting       | 3 |  3.2
Long Blades    | |  2.7
Armour         | |  2.1
Dodging        | |  1.7
Shields        | |  0.4
Invocations    | |  2.0

Action                   || total
-------------------------++-------
Melee: Falchion          ||    68
  Use: Potion            ||     1
 Stab: Sleeping          ||     1
Armor: Leather armour    ||    11
Dodge: Dodged            ||    43
       Rpst.: Falchion   ||    16

Table legend:
 A = Spawn XP
 B = Non-spawn XP
 C = Spawn XP percentage of total XP
 D = Spawn monster count
 E = Non-spawn monster count
 F = Spawn count percentage of total count
 G = Total turns spent on level
                    A         B        C        D         E        F      G
               +---------+---------+-------+---------+---------+-------+---------
         Total |       0 |      51 |   0.0 |       0 |      24 |   0.0 |  1020
               +---------+---------+-------+---------+---------+-------+---------
           D:1 |       0 |      47 |   0.0 |       0 |      22 |   0.0 |   831
           D:2 |       0 |       4 |   0.0 |       0 |       2 |   0.0 |   184
               +---------+---------+-------+---------+---------+-------+---------
